 Dungeon Crawl Stone Soup version 0.30.0 (webtiles) character file.

Game seed: 6476116737979691979

349836 kylektr the Slayer (level 21, -12/219 (222) HPs)
             Began as a Minotaur Fighter on Aug 8, 2023.
             Was the Champion of Makhleb.
             Succumbed to a putrid mouth's dark miasma
             ... on level 6 of Tartarus.
             The game lasted 02:01:10 (30643 turns).

kylektr the Slayer (Minotaur Fighter)              Turns: 30643, Time: 02:01:39

HP:   -12/219 (222) AC: 40    Str: 30 (36) XL:     21   Next: 57%
MP:   20/20         EV:  9    Int:  9 (10) God:    Makhleb [******]
Gold: 917           SH: 18    Dex: 21      Spells: 20/20 levels left

rFire   + + .        e - +11 broad axe "Uciurot" {spect, rCorr Str+2 Dex+3}
rCold   + . .        c - +3 buckler
rNeg    + . .        C - +0 crystal plate armour of the Goldsmith {rF+ rN+ SInv}
rPois   .            y - +5 hat of Qusec {rC+ Regen+ Dex+6}
rElec   .            K - scarf {repulsion}
rCorr   +            r - -1 pair of gloves "Tiecay" {Rampage rF+ Will- rCorr}
SInv    +            Q - +0 pair of boots "Vevag" {Str+4 Int+5}
Will    .....        m - amulet of reflection Stlth
                     Z - +4 ring of protection
HPRegen 1.36/turn    T - +4 ring of slaying
MPRegen 0.17/turn

%: repel missiles, reflection, rampage
@: lethally poisoned (-12 -> -45), about to teleport, marked, slowed, lightly
drained, unable to drink, weak-willed, very slow
A: horns 2, retaliatory headbutt, inability to drink after injury 1
}: 1/15 runes: decaying
a: Renounce Religion, Minor Destruction, Lesser Servant of Makhleb, Major
Destruction, Greater Servant of Makhleb


You were on level 6 of Tartarus.
You worshipped Makhleb.
Makhleb was exalted by your worship.
You visited 8 branches of the dungeon, and saw 38 of its levels.
You visited the Abyss 1 time.
You visited 1 bazaar.

You collected 3342 gold pieces.
You spent 2425 gold pieces at shops.

Inventory:

Hand Weapons
 a - a +5 war axe of flaming
 e - the +11 broad axe "Uciurot" (weapon) {spect, rCorr Str+2 Dex+3}
   (You found it on level 12 of the Dungeon)

   Str:       It affects your strength (+2).
   Dex:       It affects your dexterity (+3).
   rCorr:     It protects you from acid and corrosion.
 k - a +4 eudemon blade of holy wrath
Missiles
 b - 14 curare-tipped darts
 f - 3 throwing nets (quivered)
Armour
 c - a +3 buckler (worn)
 r - the -1 pair of gloves "Tiecay" (worn) {Rampage rF+ Will- rCorr}
   (You found it on level 11 of the Dungeon)

   rF:        It protects you from fire.
   rCorr:     It protects you from acid and corrosion.
   Rampage:   It bestows one free step when moving towards enemies.
   Will:      It decreases your willpower.
 y - the +5 hat of Qusec (worn) {rC+ Regen+ Dex+6}
   (You acquired it on level 10 of the Dungeon)

   Dex:       It affects your dexterity (+6).
   rC:        It protects you from cold.
   Regen:     It increases your rate of health regeneration.
 C - the +0 crystal plate armour of the Goldsmith (worn) {rF+ rN+ SInv}
   (You acquired it on level 7 of the Dungeon)

   rF:        It protects you from fire.
   rN:        It protects you from negative energy.
   SInv:      It lets you see invisible.
 K - a scarf of repulsion (worn)
 Q - the +0 pair of boots "Vevag" (worn) {Str+4 Int+5}
   (You bought it in a shop on level 3 of the Depths)

   Str:       It affects your strength (+4).
   Int:       It affects your intelligence (+5).
Jewellery
 i - a +4 ring of protection
 m - an amulet of reflection (around neck)
 q - an amulet of guardian spirit
 t - a ring of ice
 v - a ring of protection from fire
 T - a +4 ring of slaying (right hand)
 W - the ring "Xyluol Raecs" {MP+9 Dex+2}
   (You found it on level 2 of the Depths)

   [ring of magical power]

   Dex:       It affects your dexterity (+2).
   MP:        It affects your magic capacity (+9).
 X - an amulet of faith
 Z - a +4 ring of protection (left hand)
Wands
 d - a wand of mindburst (8)
 o - a wand of light (45)
 u - a wand of digging (4)
 F - a wand of paralysis (27)
 G - a wand of roots (24)
 M - a wand of flame (33)
 S - a wand of polymorph (19)
Scrolls
 g - 19 scrolls of teleportation
 s - 7 scrolls of amnesia
 x - 6 scrolls of fear
 D - 2 scrolls of magic mapping
 I - 2 scrolls of blinking
 J - 6 scrolls of immolation
 N - 6 scrolls of identify
 U - a scroll of brand weapon
 V - 6 scrolls of fog
Potions
 h - 8 potions of lignification
 l - 4 potions of brilliance
 n - 6 potions of flight
 p - 2 potions of attraction
 w - a potion of resistance
 z - 5 potions of invisibility
 B - 2 potions of mutation
 E - a potion of haste
 O - 2 potions of berserk rage
 P - a potion of ambrosia
 R - a potion of might


   Skills:
 + Level 26.5 Fighting
 - Level 16.6(18.0) Axes
 - Level 11.5(15.5) Maces & Flails
 + Level 1.4 Throwing
 + Level 23.2 Armour
 + Level 2.9 Dodging
 + Level 10.6 Stealth
 + Level 21.0 Shields
 + Level 0.7 Invocations
 + Level 2.0 Evocations


You had 20 spell levels left.
You didn't know any spells.
Your spell library contained the following spells:

 Spells                   Type           Power      Damage    Failure   Level
 Freeze                   Ice            0%         1d3       97%         1
 Magic Dart               Conj           0%         1d3       97%         1
 Sandblast                Erth           0%         2d4       97%         1
 Shock                    Conj/Air       0%         1d3       97%         1
 Slow                     Hex            0%         N/A       97%         1
 Sting                    Tmut/Pois      0%         1d3       97%         1
 Ensorcelled Hibernation  Hex/Ice        0%         N/A       99%         2
 Momentum Strike          Conj/Tloc      0%         3d8       99%         2
 Passwall                 Tmut/Erth      0%         N/A       99%         2
 Poisonous Vapours        Pois/Air       0%         N/A       99%         2
 Sublimation of Blood     Necr           0%         N/A       99%         2
 Wereblood                Tmut           0%         N/A       99%         2
 Call Canine Familiar     Summ           0%         N/A       100%        3
 Confusing Touch          Hex            0%         N/A       100%        3
 Frozen Ramparts          Ice            0%         1d1       100%        3
 Gell's Gravitas          Tloc           0%         N/A       100%        3
 Hailstorm                Conj/Ice       0%         3d3       100%        3
 Inner Flame              Hex/Fire       0%         N/A       100%        3
 Portal Projectile        Hex/Tloc       0%         N/A       100%        3
 Stone Arrow              Conj/Erth      0%         3d7       100%        3
 Swiftness                Air            0%         N/A       100%        3
 Teleport Other           Tloc           0%         N/A       100%        3
 Vampiric Draining        Necr           0%         2d6       100%        3
 Anguish                  Hex/Necr       0%         N/A       100%        4
 Cause Fear               Hex            0%         N/A       100%        4
 Leda's Liquefaction      Hex/Erth       0%         N/A       100%        4
 Manifold Assault         Tloc           0%         N/A       100%        4
 Olgreb's Toxic Radiance  Pois           0%         N/A       100%        4
 Petrify                  Tmut/Erth      0%         N/A       100%        4
 Alistair's Intoxication  Tmut/Pois      0%         N/A       100%        5
 Arcjolt                  Conj/Air       0%         1d10      100%        5
 Blade Hands              Tmut           0%         N/A       100%        5
 Borgnjor's Vile Clutch   Necr/Erth      0%         N/A       100%        5
 Irradiate                Conj/Tmut      0%         3d11      100%        5
 Yara's Violent Unravell  Hex/Tmut       0%         3d3       100%        5
 Dispersal                Tloc           0%         N/A       100%        6
 Eringya's Noxious Bog    Tmut/Pois      0%         N/A       100%        6
 Iron Shot                Conj/Erth      0%         9d1       100%        6
 Statue Form              Tmut/Erth      0%         N/A       100%        6
 Dragon Form              Tmut           0%         N/A       100%        7
 Enfeeble                 Hex            0%         N/A       100%        7
 Summon Hydra             Summ           0%         N/A       100%        7
 Disjunction              Tloc           0%         N/A       100%        8
 Chain Lightning          Conj/Air       0%         N/A       100%        9


Dungeon Overview and Level Annotations

Branches:
Dungeon (15/15)            Temple (1/1) D:5            Lair (5/5) D:9
  Swamp (4/4) Lair:3       Spider (0/4) Lair:2        Slime (0/5) Lair:5
    Orc (2/2) D:11            Elf (0/3) Orc:2        Vaults (0/5) D:13
 Depths (4/4) D:15           Hell (visited)             Dis (0/7) Hell
    Coc (0/7) Hell            Tar (6/7) Hell            Zot (0/5) Depths:4
    Geh: Hell:1

Altars:
Ashenzari
Cheibriados
Dithmenos
Elyvilon
Fedhas
Gozag
Hepliaklqana
Kikubaaqudgha
Makhleb
Nemelex Xobeh
Okawaru
Qazlal
Ru
Sif Muna
Trog
Uskayaw
Vehumet
Wu Jian
Xom
Yredelemnul
Zin
The Shining One
Jiyva

Shops:
D:5 *   D:11 [   Orc:2 (:**   Depths:3 :([=

Portals:
Hell: Depths:1 Depths:2 Depths:3 Depths:4
Abyss: Depths:2 Depths:3
Pandemonium: Orc:2 Depths:2
Ziggurat: Depths:2
Trove: Depths:2 (give +7 demon whip)

Annotations:
D:6 1 runed translucent door, geeeeen's ghost, novice GnWn
Depths:2 2 runed translucent doors


Innate Abilities, Weirdness & Mutations

You have a pair of horns on your head.
You reflexively headbutt those who attack you in melee.
You occasionally lose the ability to drink potions when taking damage.


Message History

You hit the Tzitzimitl.
Your +11 broad axe "Uciurot" {spect, rCorr Str+2 Dex+3} hits the putrid mouth!!
The tormentor hits your +11 broad axe "Uciurot" {spect, rCorr Str+2 Dex+3}. x2
You block the putrid mouth's attack. The putrid mouth barely misses you.
The Tzitzimitl calls on the powers of darkness!
Your body is wracked with pain!
You feel threatened and lose the ability to drink potions!
* * * LOW HITPOINT WARNING * * *
You slash the putrid mouth!
The putrid mouth is heavily damaged.
You slash the Tzitzimitl!
Your +11 broad axe "Uciurot" {spect, rCorr Str+2 Dex+3} closely misses the putrid mouth.
Your +11 broad axe "Uciurot" {spect, rCorr Str+2 Dex+3} hits the tormentor.
The tormentor barely misses your +11 broad axe "Uciurot" {spect, rCorr Str+2 Dex+3}.
The tormentor closely misses your +11 broad axe "Uciurot" {spect, rCorr Str+2 Dex+3}.
The Tzitzimitl engulfs you but does no damage.
You block the Tzitzimitl's attack. You block the putrid mouth's attack.
The putrid mouth claws you!
* * * LOW HITPOINT WARNING * * *
You feel dopey.
As you read the scroll of teleportation, it crumbles to dust.
You feel strangely unstable.
Your +11 broad axe "Uciurot" {spect, rCorr Str+2 Dex+3} disappears.
You break out of your daze.
The tormentor calls on the powers of darkness!
Your body is wracked with pain!
* * * LOW HITPOINT WARNING * * *
The putrid mouth throws miasma at you. The foul vapour engulfs you!!
You are poisoned.
* * * LOW HITPOINT WARNING * * *
You block the Tzitzimitl's attack. x2
You cannot drink potions in your current state!
The putrid mouth attacks as you move away!
The putrid mouth bites you but does no damage.
The putrid mouth claws you but does no damage.
You are engulfed in dark miasma.
You are more poisoned.
* * * LOW HITPOINT WARNING * * *
You die...

#.....##.......##
#..##.#.........####.
#...#.#..............
#..............##...
#..##.##...........
#..#...#.##...##.#
#.........##°##..##.#
#∩.#......°#1#.....○☼
##.###....°@°WC2..#
#..#^......°#°###.#
#..(.##...°.###
###..........#
#....##....##
#..........#
#.###.##...# ..
...##^.. #.. ....


You could see a tainted leviathan, a Tzitzimitl, a putrid mouth (catching
breath) and a tormentor.

Vanquished Creatures
  A dread lich (Abyss:3)
  An ancient lich (Abyss:2)
  Mennas (Depths:4)
  Geryon (Hell)
  4 golden dragons
  7 bone dragons
  8 profane servitors
  3 doom hounds
  A hellephant (Abyss:2)
  Mlioglotl (Swamp:2)
  4 Tzitzimimeh
  A spectral shard shrike (Tar:3)
  A shard shrike zombie (Abyss:2)
  4 tainted leviathans
  4 tentacled monstrosities
  5 liches
  Asterion (Depths:2)
  7 searing wretches (Hell)
  A titan (Depths:2)
  2 ancient champions (Hell)
  An Executioner (Abyss:2)
  21 tentacled starspawn (Abyss:2)
  A thorn hunter (Swamp:2)
  2 sphinxes
  The ghost of Amikeex the Brawler, an adept TrMo of Nemelex Xobeh (Depths:2)
  A shadow dragon (Hell)
  A storm dragon (Depths:4)
  3 tengu reavers
  2 draconian monks (Depths:4)
  3 fire giants
  2 iron dragons
  5 frost giants
  Roxanne (Swamp:3)
  Louise (Swamp:2)
  A spectral juggernaut (Tar:4)
  A spectral caustic shrike (Tar:3)
  3 balrugs
  An angel (Abyss:2)
  A spriggan defender (Depths:2)
  2 cacodemons (Abyss:2)
  A war gargoyle (Hell)
  13 stone giants
  An ophan (Abyss:2)
  2 draconian shifters
  4 reapers
  2 vampire knights
  16 very ugly things
  Nessos (Lair:5)
  7 putrid mouths
  Azrael (D:13)
  2 yellow draconians (Depths:4)
  A spark wasp (Depths:2)
  2 red draconians (Depths:4)
  3 spectral titans
  A green draconian (Abyss:3)
  2 white draconians (Depths:4)
  A deep elf annihilator (Depths:2)
  2 lorocyprocas (Abyss:2)
  5 eleionomae
  3 bunyips
  5 eidola
  2 iron golems (Hell)
  2 blizzard demons (Hell)
  A spectral golden dragon (Tar:3)
  2 spectral iron giants (Tar:5)
  2 yaktaur captains (Depths:4)
  8 fire dragons
  A kraken zombie (Hell)
  A great orb of eyes (Abyss:3)
  2 shambling mangroves (Swamp:4)
  5 ettins
  19 hydras
  6 ice dragons
  3 rakshasas
  2 spectral spriggans
  3 ghost crabs
  3 spriggan skeletons
  A merfolk avatar (Lair:5)
  4 boulder beetles
  An ogre mage (D:13)
  3 demonspawn (Orc:2)
  Erolcha (D:13)
  4 two-headed ogres
  A stoker (Hell)
  7 alligators
  4 centaur warriors
  6 deep troll earth magi
  2 spectral stone giants (Tar:1)
  5 tengu warriors
  25 large abominations
  6 deep troll shamans
  2 orc high priests (Orc:2)
  6 spriggan berserkers
  9 hell hogs (Abyss:2)
  3 thrashing horrors
  A spectral emperor scorpion (Tar:1)
  6 vampire magi
  2 spectral nagas
  11 death yaks
  2 spectral dire elephants
  3 soul eaters (Hell)
  Sonja (Lair:1)
  9 sun demons
  8 hell knights
  14 wretched stars
  5 skeletal warriors (D:15)
  3 skysharks (Lair:5)
  A sixfirhy (Abyss:2)
  5 iron trolls
  7 shadow wraiths
  4 spriggan druids
  A spatial maelstrom (Abyss:2)
  2 goliath frogs
  A sea snake (Lair:5)
  A flayed ghost (Depths:4)
  5 glowing orange brains
  2 spectral hydras
  12 deep trolls
  8 swamp dragons (Swamp:4)
  2 bog bodies
  2 phantasmal warriors (Hell)
  An iron giant skeleton (Abyss:2)
  A lindwurm (Lair:5)
  2 anaconda skeletons (Hell)
  3 wizards
  8 necromancers
  28 ugly things
  A harpy (shapeshifter) (D:14)
  11 orc sorcerers
  4 orc knights (Orc:2)
  A sphinx zombie (Depths:1)
  3 spectral ettins
  5 deep elf pyromancers
  A salamander (Depths:3)
  4 will-o-the-wisps
  A tengu skeleton (D:15)
  3 manticores
  2 cyclopes
  4 elephants (Lair:5)
  4 worldbinders
  A guardian serpent (Abyss:3)
  A frost giant skeleton (D:15)
  An ice statue (Hell)
  5 black mambas
  2 stone giant skeletons
  An eye of devastation (Lair:5)
  Joseph (D:8)
  7 rust devils (Hell)
  5 apocalypse crabs
  8 smoke demons (Abyss:2)
  A storm dragon simulacrum (Depths:3)
  An orange demon (Abyss:2)
  10 komodo dragons
  12 cane toads
  A torpor snail (Lair:5)
  An unseen horror (D:13)
  3 hellions
  4 yaktaurs (D:13)
  4 rime drakes
  A sea snake zombie (Hell)
  3 tormentors
  4 kobold demonologists
  15 ancient zymes
  An anaconda simulacrum (Hell)
  2 silent spectres
  3 spectral harpies
  3 efreet
  3 tengu conjurers
  A hydra zombie (Hell)
  A guardian mummy (D:15)
  3 tyrant leeches
  5 polar bears
  15 hornets
  7 hellwings
  A bloated husk (Swamp:2)
  4 blink frogs
  2 wind drakes (Lair:5)
  A troll (D:10)
  A snapping turtle (Lair:5)
  2 hydra skeletons (Hell)
  19 raiju
  2 spriggan zombies
  A snapping turtle (shapeshifter) (Abyss:2)
  Sigmund (D:5)
  7 slime creatures
  An ettin zombie (Abyss:2)
  A shadow (D:10)
  12 spriggans
  14 flying skulls (Abyss:2)
  8 ynoxinuls
  A water elemental (Hell)
  5 basilisks
  An ettin skeleton (Depths:1)
  57 starcursed masses
  2 vampires
  4 fire elementals
  29 yaks
  6 wraiths
  11 vampire mosquitoes
  3 wyverns
  A yak (shapeshifter) (Abyss:3)
  5 chaos spawn (Abyss:2)
  5 golden eyes (Abyss:2)
  7 neqoxecs
  2 steam dragons
  Edmund (D:5)
  A harpy simulacrum (Abyss:2)
  2 spatial vortices (Abyss:2)
  A human zombie (Depths:3)
  A hydra simulacrum (Hell)
  An acid dragon (D:6)
  12 water moccasins
  A floating eye (Lair:5)
  19 swamp worms
  12 hell hounds
  A glowing shapeshifter skeleton (Depths:3)
  14 swamp drakes
  A black bear (D:7)
  4 ice beasts
  31 orc warriors
  A sky beast (D:6)
  An ogre (shapeshifter) (Abyss:3)
  5 ogres
  A boggart (D:13)
  3 wolves (Lair:1)
  5 centaurs
  8 kobold brigands
  9 bullfrogs
  3 scorpions
  3 gnoll sergeants
  An earth elemental (Abyss:2)
  10 wights
  10 killer bees
  9 howler monkeys
  3 electric eels (Lair:3)
  22 small abominations
  2 quasits (Abyss:2)
  2 hounds
  2 gnoll boudas
  23 orc priests
  6 jellies
  An iron imp (Abyss:2)
  A sleepcap (D:5)
  4 iguanas
  10 orc wizards
  7 hell rats (Lair:2)
  30 gnolls
  13 adders
  4 white imps
  5 ufetubi
  2 worms
  3 dart slugs
  96 orcs
  2 bats
  An endoplasm (D:3)
  A giant cockroach (D:2)
  5 hobgoblins
  3 quokkas
  5 ball pythons
  5 goblins
  16 kobolds
  2 rats
  9 briar patches (Swamp:2)
  A creeping inferno (Hell)
  10 fire vortices (Hell)
  A plant (Lair:5)
  A spectral weapon (Abyss:2)
  25 starspawn tentacles (Abyss:2)
  4 tentacles (Hell)
1394 creatures vanquished.

Vanquished Creatures (others)
  A fire giant (Depths:3)
  A hydra (Swamp:4)
  2 swamp dragons (Swamp:4)
  An ancient zyme (Abyss:2)
  A hornet (Swamp:4)
  A shadow (D:13)
  A kobold brigand (D:13)
  An orc wizard (D:7)
  An orc (D:7)
  A briar patch (Swamp:2)
  2 creeping infernos (Hell)
  3 fire vortices (Hell)
  14 foxfires
  13 fungi
  A lurking horror (Abyss:2)
  48 plants
  56 spectral weapons
  24 starspawn tentacles (Abyss:2)
  4 tentacles (Hell)
  6 withered plants (D:15)
182 creatures vanquished.

Grand Total: 1576 creatures vanquished

Notes
Turn   | Place    | Note
-------+----------+-------------------------------------------
     0 | D:1      | kylektr the Minotaur Fighter began the quest for the Orb.
     0 | D:1      | Reached XP level 1. HP: 19/19 MP: 0/0
    54 | D:1      | You fall into a shaft and drop 1 floor!
    63 | D:2      | Reached XP level 2. HP: 26/27 MP: 1/1
    67 | D:2      | Reached skill level 4 in Fighting
    69 | D:2      | Reached XP level 3. HP: 25/33 MP: 2/2
   158 | D:2      | Reached XP level 4. HP: 28/41 MP: 3/3
   307 | D:2      | Reached skill level 5 in Fighting
   315 | D:2      | Identified the +5 whip "Potunokh" {freeze, Fragile Dex+4}
   388 | D:2      | Found a hide-covered altar of Uskayaw.
   867 | D:3      | Reached XP level 5. HP: 48/48 MP: 4/4
   957 | D:3      | Noticed an ice beast
   964 | D:3      | Killed an ice beast
   965 | D:3      | Reached skill level 1 in Maces & Flails
   965 | D:3      | Reached XP level 6. HP: 32/56 MP: 5/5
  1096 | D:3      | Found an ancient bone altar of Kikubaaqudgha.
  1708 | D:4      | Reached skill level 1 in Dodging
  1882 | D:4      | Reached skill level 5 in Armour
  2384 | D:5      | Entered Level 5 of the Dungeon
  2449 | D:5      | Noticed Edmund
  2473 | D:5      | Killed Edmund
  2474 | D:5      | Reached XP level 7. HP: 16/58 MP: 3/6
  2807 | D:5      | Noticed Sigmund
  2822 | D:5      | Killed Sigmund
  2823 | D:5      | Reached skill level 6 in Fighting
  2823 | D:5      | Reached skill level 5 in Maces & Flails
  2823 | D:5      | Reached skill level 5 in Shields
  3141 | D:5      | Found a sacrificial altar of Ru.
  3307 | D:5      | Found Neudif's Gadget Gallery.
  3449 | D:5      | Found a staircase to the Ecumenical Temple.
  3514 | D:5      | Reached XP level 8. HP: 66/70 MP: 7/7
  3529 | Temple   | Entered the Ecumenical Temple
  3711 | Temple   | Became a worshipper of Makhleb the Destroyer
  4877 | D:6      | Reached skill level 1 in Stealth
  4885 | D:6      | Reached * piety under Makhleb
  4956 | D:6      | Reached XP level 9. HP: 78/78 MP: 8/8
  5045 | D:6      | Found a runed translucent door.
  5047 | D:6      | Noticed geeeeen's ghost (novice GnWn)
  5164 | D:6      | Reached skill level 7 in Fighting
  5751 | D:7      | Identified a scroll of acquirement
  5751 | D:7      | Acquired the +0 crystal plate armour of the Goldsmith {rF+
                  | rN+ SInv}
  6144 | D:8      | Reached ** piety under Makhleb
  6446 | D:8      | Reached skill level 10 in Maces & Flails
  6585 | D:8      | Reached XP level 10. HP: 72/88 MP: 6/9
  6703 | D:8      | Reached skill level 8 in Fighting
  6710 | D:8      | Noticed Joseph
  6723 | D:8      | Killed Joseph
  6732 | D:8      | Reached *** piety under Makhleb
  7039 | D:9      | Found a blossoming altar of Fedhas.
  7043 | D:9      | Found a shadowy altar of Dithmenos.
  7116 | D:9      | Identified the +5 scale mail of Kleptomania {Rampage rPois
                  | Will- Str+9}
  7241 | D:9      | Reached skill level 10 in Armour
  7435 | D:9      | Found a staircase to the Lair.
  7463 | D:9      | Found a glowing silver altar of Zin.
  7657 | D:10     | Entered Level 10 of the Dungeon
  7853 | D:10     | Reached skill level 9 in Fighting
  7873 | D:10     | Reached **** piety under Makhleb
  7874 | D:10     | Acquired the +5 hat of Qusec {rC+ Regen+ Dex+6}
  7943 | D:10     | Noticed a two-headed ogre
  7951 | D:10     | Killed a two-headed ogre
  8339 | D:11     | Noticed a two-headed ogre
  8349 | D:11     | Killed a two-headed ogre
  8350 | D:11     | Reached XP level 11. HP: 99/99 MP: 10/10
  8441 | D:11     | Found a staircase to the Orcish Mines.
  8442 | D:11     | Found Toulued's Armour Emporium.
  8485 | D:11     | Noticed a boulder beetle
  8518 | D:11     | Killed a boulder beetle
  8519 | D:11     | Reached skill level 10 in Fighting
  8723 | D:11     | Identified the -1 pair of gloves "Tiecay" {Rampage rF+
                  | Will- rCorr}
  8846 | D:12     | Noticed a deep elf pyromancer
  8860 | D:12     | Killed a deep elf pyromancer
  8996 | D:12     | Noticed a cyan ugly thing
  9012 | D:12     | Killed a cyan ugly thing
  9096 | D:12     | Noticed a boulder beetle
  9123 | D:12     | Killed a boulder beetle
  9262 | D:12     | Identified the +11 broad axe "Uciurot" {spect, rCorr Str+2
                  | Dex+3}
  9373 | D:12     | Noticed a sun demon
  9377 | D:12     | Reached skill level 5 in Axes
  9466 | D:13     | Noticed a tengu warrior
  9478 | D:13     | Killed a tengu warrior
  9479 | D:13     | Reached skill level 11 in Fighting
  9518 | D:13     | Noticed Azrael
  9560 | D:12     | Reached ***** piety under Makhleb
  9568 | D:13     | Killed Azrael
  9604 | D:13     | Noticed a green ugly thing
  9611 | D:13     | Noticed a purple ugly thing
  9621 | D:13     | Killed a green ugly thing
  9622 | D:13     | Reached skill level 10 in Shields
  9622 | D:13     | Reached XP level 12. HP: 110/110 MP: 9/11
  9716 | D:13     | Noticed Erolcha
  9720 | D:13     | Killed Erolcha
  9721 | D:13     | Noticed a tengu warrior
  9725 | D:13     | Killed a tengu warrior
  9725 | D:13     | Noticed a seven-headed hydra
  9742 | D:13     | Killed an 11-headed hydra
  9889 | D:13     | Noticed a four-headed hydra
  9905 | D:13     | Killed an eight-headed hydra
  9906 | D:13     | Reached skill level 1 in Evocations
  9956 | D:13     | Noticed a two-headed ogre
  9959 | D:13     | Killed a two-headed ogre
  9982 | D:13     | Noticed a centaur warrior
  9987 | D:13     | Killed a centaur warrior
  9992 | D:13     | Noticed a two-headed ogre
  9992 | D:13     | Noticed an ogre mage
  9997 | D:13     | Paralysed by an ogre mage for 5 turns
 10008 | D:13     | Killed a two-headed ogre
 10013 | D:13     | Killed an ogre mage
 10015 | D:13     | Reached skill level 12 in Fighting
 10018 | D:13     | Found a gate to the Vaults.
 10602 | D:14     | Reached skill level 10 in Axes
 10653 | D:14     | Reached XP level 13. HP: 118/118 MP: 10/12
 11072 | D:14     | Found an opulent altar of Gozag.
 11279 | D:15     | Entered Level 15 of the Dungeon
 11439 | D:15     | Reached skill level 13 in Fighting
 11450 | D:15     | Found a staircase to the Depths.
 11456 | D:15     | Noticed a jiangshi
 12249 | Orc:1    | Entered Level 1 of the Orcish Mines
 12315 | Orc:1    | Paralysed by an orc sorcerer for 4 turns
 12404 | Orc:2    | Entered Level 2 of the Orcish Mines
 12495 | Orc:2    | Reached ****** piety under Makhleb
 12510 | Orc:2    | Found Oluch's General Store.
 12510 | Orc:2    | Found Jiolot's General Store.
 12521 | Orc:2    | Reached XP level 14. HP: 112/129 MP: 11/13
 12587 | Orc:2    | Bought a potion of flight for 54 gold pieces
 12587 | Orc:2    | Bought a potion of curing for 54 gold pieces
 12589 | Orc:2    | Bought a scroll of identify for 34 gold pieces
 12589 | Orc:2    | Bought a potion of curing for 51 gold pieces
 12921 | Orc:2    | Found a staircase to the Elven Halls.
 13009 | Orc:2    | Reached skill level 14 in Fighting
 13017 | Orc:2    | Reached skill level 15 in Armour
 13121 | Orc:2    | Found Ruraogi's Antique Weapon Emporium.
 13121 | Orc:2    | Found Enlaggui's Book Shoppe.
 13122 | Orc:2    | Found a one-way gate leading to the halls of Pandemonium.
 13453 | Lair:1   | Entered Level 1 of the Lair of Beasts
 13538 | Lair:1   | Noticed Sonja
 13555 | Lair:1   | Killed Sonja
 13709 | Lair:1   | Identified the +0 plate armour of Dithmenos's Grace {rC+
                  | rN+ Str+2}
 14352 | Lair:2   | Found a hole to the Spider Nest.
 14436 | Lair:2   | Reached skill level 15 in Fighting
 15696 | Lair:3   | Found a staircase to the Swamp.
 16007 | Lair:4   | Found a sacrificial altar of Ru.
 16180 | Lair:4   | Reached skill level 16 in Fighting
 16180 | Lair:4   | Reached XP level 15. HP: 114/144 MP: 7/14
 16483 | Lair:4   | Found a frozen archway.
 16580 | Lair:5   | Entered Level 5 of the Lair of Beasts
 16621 | Lair:5   | Found a viscous altar of Jiyva.
 16621 | Lair:5   | Found a staircase to the Slime Pits.
 16714 | Lair:5   | Reached skill level 15 in Axes
 16718 | Lair:5   | Found the +8 trident of the Octopus King {venom, rElec
                  | rPois}
 16749 | Lair:5   | Reached skill level 5 in Stealth
 16753 | Lair:5   | Paralysed by a hornet for 2 turns
 16789 | Lair:5   | Got the Papyrus of Blasting
 16937 | Lair:5   | Noticed Nessos
 16943 | Lair:5   | Killed Nessos
 17985 | Depths:1 | Entered Level 1 of the Depths
 18049 | Depths:1 | Found a hide-covered altar of Uskayaw.
 18096 | Depths:1 | Noticed a tengu reaver
 18107 | Depths:1 | Killed a tengu reaver
 18134 | Depths:1 | Noticed a frost giant
 18141 | Depths:1 | Killed a frost giant
 18150 | Depths:1 | Identified the +1 spear "Fyseolos" {freeze, Fly rElec
                  | Dex+6}
 18255 | Depths:1 | Found a gateway to Hell.
 18256 | Depths:1 | Noticed a sphinx
 18260 | Depths:1 | Killed a sphinx
 18278 | Depths:1 | Reached skill level 17 in Fighting
 18319 | Depths:1 | Reached skill level 1 in Throwing
 18331 | Depths:1 | Reached XP level 16. HP: 121/155 MP: 9/15
 18908 | Depths:2 | Noticed a sphinx
 18940 | Depths:2 | Noticed a titan
 18946 | Depths:2 | Noticed a golden dragon
 18946 | Depths:2 | Found a runed translucent door.
 18946 | Depths:2 | Found a runed translucent door.
 18949 | Depths:2 | Noticed a golden dragon
 18950 | Depths:2 | Killed a titan
 18955 | Depths:2 | Noticed a tengu reaver
 18959 | Depths:2 | Killed a golden dragon
 18963 | Depths:2 | Killed a golden dragon
 18980 | Depths:2 | Killed a tengu reaver
 18995 | Depths:2 | Found a runed translucent door.
 18998 | Depths:2 | Found a runed translucent door.
 19000 | Depths:2 | Noticed Asterion
 19005 | Depths:2 | Killed Asterion
 19032 | Depths:2 | Identified the ring "Xyluol Raecs" {MP+9 Dex+2}
 19163 | Depths:3 | Found Uduw's Jewellery Emporium.
 19191 | Depths:3 | Bought a +4 ring of protection for 540 gold pieces
 19227 | Depths:3 | Reached skill level 18 in Fighting
 19336 | Depths:3 | Found a flickering gateway to a bazaar.
 19336 | Depths:3 | Found Kishroats's Antique Armour Emporium.
 19358 | Bazaar   | Entered a bazaar
 19358 | Bazaar   | Found Poppeneq's Weapon Shoppe.
 19358 | Bazaar   | Found Usu Tof's Distillery.
 19358 | Bazaar   | Found Honaiman's Jewellery Shoppe.
 19372 | Bazaar   | Bought a potion of curing for 42 gold pieces
 19372 | Bazaar   | Bought a potion of might for 56 gold pieces
 19372 | Bazaar   | Bought a potion of invisibility for 112 gold pieces
 19372 | Bazaar   | Bought a potion of haste for 140 gold pieces
 19372 | Bazaar   | Bought a potion of invisibility for 112 gold pieces
 19374 | Bazaar   | Bought a +4 ring of slaying for 546 gold pieces
 19374 | Bazaar   | Bought an amulet of reflection for 210 gold pieces
 19420 | Depths:3 | Bought a pair of ichor-stained gloves for 237 gold pieces
 19420 | Depths:3 | Identified the +1 pair of gloves of Taraij {Int+5} (You
                  | bought it in a shop on level 3 of the Depths)
 19420 | Depths:3 | Bought a pair of shimmering boots for 237 gold pieces
 19420 | Depths:3 | Identified the +0 pair of boots "Vevag" {Str+4 Int+5} (You
                  | bought it in a shop on level 3 of the Depths)
 19547 | Depths:3 | Noticed a lich
 19553 | Depths:3 | Killed a lich
 19623 | Depths:3 | Found a sparkling altar of Nemelex Xobeh.
 19630 | Depths:3 | Found Dougum's Book Emporium.
 19632 | Depths:3 | Found a one-way gate to the infinite horrors of the Abyss.
 19649 | Depths:3 | Found Vipledig's Antique Weapon Emporium.
 19824 | Depths:3 | Noticed a lich
 19827 | Depths:3 | Killed a lich
 19828 | Depths:3 | Reached skill level 19 in Fighting
 20122 | Depths:4 | Entered Level 4 of the Depths
 20160 | Depths:4 | Noticed Mennas
 20178 | Depths:4 | Reached XP level 17. HP: 59/168 MP: 16/16
 20190 | Depths:4 | Killed Mennas
 20200 | Depths:4 | HP: 8/168 [yaktaur captain/bolt (19)]
 20214 | Depths:4 | Noticed a golden dragon
 20228 | Depths:4 | Killed a golden dragon
 20316 | Depths:4 | Found a gate to the Realm of Zot.
 20317 | Depths:4 | Noticed a golden dragon
 20326 | Depths:4 | Killed a golden dragon
 20553 | Depths:4 | Reached skill level 15 in Shields
 20613 | Depths:4 | Reached skill level 20 in Fighting
 20706 | Depths:4 | Identified the +1 plate armour of Resourcefulness {Rampage
                  | rN+ Str+3 Dex-2}
 21109 | Depths:2 | Found a portal to a secret trove of treasure.
 21142 | Depths:2 | Found a one-way gateway to a ziggurat.
 21322 | Depths:2 | Noticed a lich
 21323 | Depths:2 | Found a shimmering altar of Xom.
 21329 | Depths:2 | Killed a lich
 21457 | Abyss:2  | Cast into level 2 of the Abyss (a wizard)
 21459 | Abyss:2  | Found a corrupted altar of Lugonu.
 21736 | Abyss:2  | Reached XP level 18. HP: 180/180 MP: 17/17
 21779 | Abyss:2  | Reached skill level 21 in Fighting
 21896 | Abyss:2  | Found a corrupted altar of Lugonu.
 21912 | Abyss:2  | Found a corrupted altar of Lugonu.
 21912 | Abyss:2  | Found a corrupted altar of Lugonu.
 21913 | Abyss:2  | Noticed a tentacled monstrosity
 21921 | Abyss:2  | Killed a tentacled monstrosity
 21933 | Abyss:2  | Noticed a lich
 21940 | Abyss:2  | Killed a lich
 21950 | Abyss:2  | Found a corrupted altar of Lugonu.
 22093 | Abyss:2  | Reached skill level 22 in Fighting
 22346 | Abyss:2  | Found a corrupted altar of Lugonu.
 22388 | Abyss:2  | Noticed a lich
 22395 | Abyss:2  | Killed a lich
 22400 | Abyss:2  | Found a corrupted altar of Lugonu.
 22429 | Abyss:2  | Found a corrupted altar of Lugonu.
 22572 | Abyss:2  | Noticed a profane servitor
 22580 | Abyss:2  | Killed a profane servitor
 22606 | Abyss:2  | Noticed a bone dragon
 22619 | Abyss:2  | Killed a bone dragon
 22620 | Abyss:2  | Reached XP level 19. HP: 137/193 MP: 18/18
 22643 | Abyss:2  | Reached skill level 23 in Fighting
 22652 | Abyss:2  | Gained mutation: You occasionally lose the ability to drink
                  | potions when taking damage. [a neqoxec]
 22750 | Abyss:2  | Noticed an ancient lich
 22763 | Abyss:2  | Killed an ancient lich
 23027 | Abyss:2  | Noticed a hellephant
 23038 | Abyss:2  | Killed a hellephant
 23213 | Abyss:2  | Paralysed by accursed screaming for 1 turns
 23219 | Abyss:2  | Paralysed by accursed screaming for 2 turns
 23286 | Abyss:3  | Found a corrupted altar of Lugonu.
 23338 | Abyss:3  | Noticed a bone dragon
 23346 | Abyss:3  | Killed a bone dragon
 23525 | Abyss:3  | Found a corrupted altar of Lugonu.
 23562 | Abyss:3  | Reached skill level 24 in Fighting
 23568 | Abyss:3  | Noticed a dread lich
 23569 | Abyss:3  | Paralysed by a dread lich for 2 turns
 23576 | Abyss:3  | Killed a dread lich
 23584 | Abyss:3  | Paralysed by a great orb of eyes for 4 turns
 23618 | Depths:2 | Escaped the Abyss
 23750 | Depths:2 | Noticed Amikeex's ghost (adept TrMo)
 23756 | Depths:2 | Found a runed translucent door.
 23813 | Depths:2 | Killed Amikeex's ghost
 23848 | Depths:2 | Identified the +2 hat "Noc Uhur" {rN+ Str-5 Int+2}
 23850 | Depths:2 | Got the Folio of the Xenolith
 24915 | Swamp:1  | Entered Level 1 of the Swamp
 24950 | Swamp:1  | Noticed Mlioglotl
 24974 | Swamp:2  | Killed Mlioglotl
 25309 | Swamp:2  | Noticed Louise
 25314 | Swamp:2  | Killed Louise
 25764 | Swamp:3  | Identified Roxanne's Monograph on Shapes
 25764 | Swamp:3  | Noticed Roxanne
 25771 | Swamp:3  | Killed Roxanne
 25830 | Swamp:3  | Reached XP level 20. HP: 207/207 MP: 19/19
 26420 | Swamp:4  | Entered Level 4 of the Swamp
 27272 | Swamp:4  | Got a decaying rune of Zot
 27719 | Hell     | Entered the Vestibule of Hell
 27719 | Hell     | Noticed Geryon
 27740 | Hell     | Killed Geryon
 27749 | Hell     | Reached skill level 25 in Fighting
 27847 | Hell     | Found a gateway to the decaying netherworld of Tartarus.
 27850 | Hell     | Found a gateway to the freezing wastes of Cocytus.
 28082 | Hell     | Reached skill level 10 in Stealth
 28129 | Hell     | Found a gateway to the Iron City of Dis.
 28267 | Tar:1    | Entered Level 1 of Tartarus
 28267 | Tar:1    | Noticed a doom hound
 28271 | Tar:1    | Killed a doom hound
 28797 | Tar:3    | Reached XP level 21. HP: 220/220 MP: 20/20
 28807 | Tar:3    | Noticed a profane servitor
 28817 | Tar:3    | Killed a profane servitor
 28842 | Tar:3    | Noticed a profane servitor
 28850 | Tar:3    | Killed a profane servitor
 28870 | Tar:3    | Reached skill level 26 in Fighting
 29062 | Tar:3    | Noticed a profane servitor
 29069 | Tar:3    | Killed a profane servitor
 29502 | Tar:4    | Noticed a profane servitor
 29510 | Tar:4    | Killed a profane servitor
 29647 | Tar:4    | Noticed a profane servitor
 29654 | Tar:4    | Killed a profane servitor
 29818 | Tar:4    | Noticed a profane servitor
 29827 | Tar:4    | Killed a profane servitor
 29904 | Tar:5    | Noticed a profane servitor
 29913 | Tar:5    | Killed a profane servitor
 30642 | Tar:6    | HP: 5/219 [putrid mouth/foul vapour (24)]
 30643 | Tar:6    | HP: 1/219 [putrid mouth] (4)]
 30643 | Tar:6    | Succumbed to a putrid mouth's dark miasma

Illustrated notes

Levels and vault maps discovered:
D:1:      arrival_zaba_pyramid, layout_basic,
          shapermc_ecumenical_altar_mp_ritualfount
D:2:      layout_basic, basic_altar, minmay_misc_feat_more_columns
D:3:      layout_basic, mainiacjoe_overflow_24_doors
D:4:      layout_loops_ring, kennysheep_generic_room_3
D:5:      layout_layer_cave, nicolae_ru_path_of_blood,
          minmay_temple_entry_slanted, nicolae_shop_gadgets, uniq_edmund,
          uniq_sigmund
D:6:      layout_basic, ebering_ghost_reflecting_pool,
          kennysheep_generic_room_14
D:7:      layout_loops_cross
D:8:      layout_loops_ring, special_room [special_room_orc], uniq_joseph
D:9:      layout_irregular_city, nicolae_overflow_hidden_temple,
          david_lair_shrubbed
D:10:     layout_basic
D:11:     layout_grid_maze, orc_david_3
D:12:     layout_long_grid
D:13:     layout_roguey, hangedman_vaults_entry_quadrant_bands,
          minmay_fractal_squares_5, uniq_azrael, uniq_erolcha
D:14:     layout_irregular_city, grunt_gozag_statues
D:15:     gammafunk_depths_entry_grave, layout_basic, minmay_misc_feat_iff
Temple:   minmay_crystal_spiral_temple
Lair:1:   layout_cellular_growth, uniq_sonja
Lair:2:   layout_cave_pods, dummy_spider_entry, grunt_megastairs_2
Lair:3:   layout_gridlike, nicolae_swamp_entry_splash_gauntlet,
          serial_bayou_pond_d, grunt_forest_large_clearing_hut
Lair:4:   wander_river, layout_long_grid, basic_altar,
          portal_ice_cave_entry_animals_and_master, lemuel_fruit_tree
Lair:5:   gammafunk_lair_ancient_temple, layout_long_grid,
          minmay_slime_entry_eyes, uniq_nessos
Swamp:1:  layout_falls_marsh, hangedman_swamp_ruin_wall, swamp_pool5,
          water_boxes_lemuel, uniq_mlioglotl
Swamp:2:  layout_basic_swamp, serial_swamp_ruin, evilmike_swamp_ruin_house_4,
          evilmike_swamp_ruin_rubble_1, evilmike_swamp_ruin_house_5,
          swamp_pool3, uniq_louise
Swamp:3:  layout_basic_swamp, evilmike_swamp_ruin_house_3,
          nicolae_swamp_treefoil, uniq_roxanne
Swamp:4:  swamp_basic_johnstein, layout_basic_swamp, swamp_pool5
Orc:1:    hellmonk_paralyzer, layout_caves, basic_altar, serial_shops, shop
Orc:2:    pf_orc_diabolical, layout_diamond_mine
Depths:1: layout_cave_pools, nicolae_uskayaw_murder_on_the_dancefloor,
          hell_entry, grunt_ministairs_6, kennysheep_generic_room_9
Depths:2: impenetrable_vault, layout_gridville, enter_ziggurat_c,
          hangedman_abyss_entry_splay, pan_entry, hellmonk_ghost_big_iron,
          enter_trove_1, pf_hell_entry_great_geh, hangedman_decor_growths,
          xom_confusion_cloud, uniq_asterion
Depths:3: nicolae_cairo_tiling, layout_small_grid,
          nemelex_xobeh_ov_fountains_minmay, serial_shops, bzr_entry_islet,
          shop, nicolae_lakefront_shop, shop, shop, abyss_entry, hell_entry,
          minmay_crystal_room, chequers_serial_rivers_large_b
Depths:4: grunt_zot_entry_funnels, layout_gridville,
          chequers_serial_rivers_marsh, hell_entry, uniq_mennas
Hell
Tar:1:    layout_catacombs
Tar:2:    layout_grid_maze, nicolae_tar_cuneiform_not
Tar:3:    nicolae_tar_checkpoint_tarlie, layout_cathedral_of_symmetry
Tar:4:    layout_catacombs
Tar:5:    layout_catacombs, lemuel_nasty_fountain
Tar:6:    layout_honeycomb

Skill      XL: |  1  2  3  4  5  6  7  8  9 10 11 12 13 14 15 16 17 18 19 20 21 |
---------------+----------------------------------------------------------------+-----
Fighting       | 4 5 6 7 9 11 12 13 16 17 19 20 22 24 25 26 | 26.5
Armour         | 4 5 6 7 9 11 13 14 16 17 18 20 21 22 23 | 23.2
Shields        | 4 5 6 7 10 11 13 14 15 16 18 20 21 | 21.0
Axes           | 3 4 5 10 14 16 | 16.6
Maces & Flails | 1 4 5 7 10 11 | 11.5
Dodging        | 1 2 |  2.9
Stealth        | 1 2 3 4 5 7 8 9 10 | 10.6
Evocations     | 2 |  2.0
Throwing       | 1 |  1.4
Invocations    | |  0.7

Action                     |  1- 3 |  4- 6 |  7- 9 | 10-12 | 13-15 | 16-18 | 19-21 || total
---------------------------+-------+-------+-------+-------+-------+-------+-------++-------
  Melee: War axe           |    22 |    18 |       |       |    45 |       |    56 ||   141
         Headbutt          |     7 |    20 |    59 |   145 |   144 |   194 |   237 ||   806
         Whip              |       |   113 |   299 |   383 |       |       |       ||   795
         Broad axe         |       |       |       |   125 |   540 |   641 |   748 ||  2054
  Throw: Throwing net      |       |       |       |       |     3 |       |       ||     3
 Invoke: Lesser Servant of |       |       |       |       |       |     1 |       ||     1
  Evoke: Wand              |       |       |       |    22 |       |       |       ||    22
    Use: Scroll            |       |     7 |    10 |    10 |     9 |     1 |     6 ||    43
         Potion            |       |       |     5 |     4 |     6 |    19 |    11 ||    45
   Stab: Held in net/web   |     1 |       |       |       |       |       |       ||     1
         Invisible         |       |       |       |     6 |       |       |       ||     6
         Distracted        |       |       |       |     1 |    16 |    16 |    28 ||    61
 Armour: Scale mail        |     6 |    44 |    46 |       |       |       |       ||    96
         Crystal plate arm |       |       |    46 |   382 |   336 |   313 |   478 ||  1555
  Dodge: Dodged            |     9 |    60 |    82 |   148 |   120 |   113 |   200 ||   732
         Repelled          |       |       |       |       |     3 |     8 |    15 ||    26
  Block: Buckler           |    10 |    34 |    68 |   153 |   176 |   200 |   462 ||  1103
         Reflection        |       |       |       |       |       |    10 |    24 ||    34
